[ AOE2 MATCH · #505270717 ]
UnrankedMalay vs Japanese
Player's team · LOSS
Rival team · WIN
[ REPLAY ANALYSIS · EXTRACTED FROM THE RECORDED GAME ]
Feudal
9:06
Castle
28:34
Imperial
39:59
| APM avg | 31.2 |
| APM peak | 141 |
| eAPM avg | 20.7 |
| Villagers / military | 117 / 118 |
Focus
⚔️ 29.8% · 🌾 70.2%
Archer ×115 · Monk ×3
Feudal
9:21
Castle
23:50
Imperial
30:10
| APM avg | 49.9 |
| APM peak | 107 |
| eAPM avg | 30.9 |
| Villagers / military | 105 / 106 |
Focus
⚔️ 33.1% · 🌾 66.9%
Samurai ×42 · Skirmisher ×34 · Militia ×13 · Archer ×10 · Trebuchet (Packed) ×7
Match map
Initial resources + every placement click. Lines = walls · curves = elevation contours. ◆ gold · ⬟ stone · ● berries · ✦ relic · ◌ wall gap
Your base· ✓ Closed at 28:34 · 47t walls · 2 gate(s)
NuMa | JuanMan's base· Open — opponent sealed themselves in
Smoothed initial terrain · ◌ = detected wall gap · hover for details
Inputs per minute
— th3g3ntl3man - - NuMa | JuanMan
Build order — th3g3ntl3man
First 150 of 357 actions detected
| 0:00 | Queue | Villager (Male) |
| 0:01 | Queue | Villager (Male) |
| 0:01 | Queue | Villager (Male) |
| 0:02 | Build | House |
| 0:03 | Build | House |
| 0:09 | Queue | Villager (Male) |
| 0:32 | Research | Loom |
| 0:35 | Queue | Villager (Male) |
| 0:51 | Build | Palisade Wall |
| 1:21 | Build | Lumber Camp |
| 1:44 | Queue | Villager (Male) |
| 2:12 | Queue | Villager (Male) |
| 2:32 | Build | Palisade Wall |
| 2:40 | Queue | Villager (Male) |
| 2:41 | Queue | Villager (Male) |
| 3:03 | Queue | Villager (Male) |
| 3:21 | Build | House |
| 3:25 | Queue | Villager (Male) |
| 4:03 | Queue | Villager (Male) |
| 4:25 | Build | Mill |
| 4:28 | Queue | Villager (Male) |
| 4:52 | Queue | Villager (Male) |
| 4:56 | Queue | Villager (Male) |
| 5:40 | Queue | Villager (Male) |
| 5:59 | Queue | Villager (Male) |
| 6:13 | Build | House |
| 6:29 | Queue | Villager (Male) |
| 6:51 | Build | Palisade Wall |
| 6:53 | Research | Loom |
| 6:56 | Queue | Villager (Male) |
| 6:57 | Queue | Villager (Male) |
| 7:14 | Build | Palisade Wall |
| 7:16 | Build | Palisade Wall |
| 7:43 | Research | Feudal Age |
| 7:56 | Build | Palisade Wall |
| 8:33 | Queue | Villager (Male) |
| 8:35 | Build | Mining Camp |
| 8:59 | Build | Palisade Gate |
| 9:06 | Age | Feudal Age |
| 9:10 | Research | Double-Bit Axe |
| 9:17 | Queue | Villager (Male) |
| 9:28 | Queue | Villager (Male) |
| 9:33 | Build | Watch Tower |
| 9:44 | Queue | Villager (Male) |
| 9:47 | Research | Horse Collar |
| 10:09 | Queue | Villager (Male) |
| 10:21 | Queue | Villager (Male) |
| 10:28 | Queue | Villager (Male) |
| 10:59 | Build | Watch Tower |
| 11:06 | Research | Wheelbarrow |
| 11:06 | Research | Wheelbarrow |
| 11:08 | Build | House |
| 11:12 | Queue | Villager (Male) |
| 11:34 | Build | Watch Tower |
| 11:35 | Queue | Villager (Male) |
| 11:40 | Build | House |
| 11:43 | Build | Palisade Wall |
| 12:01 | Queue | Villager (Male) |
| 12:08 | Queue | Villager (Male) |
| 12:10 | Queue | Villager (Male) |
| 12:17 | Queue | Villager (Male) |
| 13:09 | Build | Palisade Wall |
| 13:32 | Build | Palisade Wall |
| 13:33 | Build | Palisade Wall |
| 13:34 | Build | Palisade Wall |
| 13:43 | Build | House |
| 13:47 | Build | Palisade Wall |
| 13:52 | Build | Palisade Gate |
| 13:57 | Build | Palisade Wall |
| 14:02 | Build | Palisade Wall |
| 14:05 | Build | Mining Camp |
| 14:09 | Build | House |
| 14:15 | Build | Mill |
| 15:13 | Queue | Villager (Male) |
| 15:43 | Queue | Villager (Male) |
| 15:49 | Build | Lumber Camp |
| 16:02 | Build | House |
| 16:13 | Build | Palisade Wall |
| 16:18 | Queue | Villager (Male) |
| 16:19 | Queue | Villager (Male) |
| 16:37 | Build | House |
| 16:38 | Queue | Villager (Male) |
| 16:44 | Build | Blacksmith |
| 16:47 | Build | House |
| 16:59 | Build | Palisade Wall |
| 17:01 | Queue | Villager (Male) |
| 17:14 | Build | Farm |
| 17:17 | Build | Farm |
| 17:25 | Queue | Villager (Male) |
| 17:47 | Build | Watch Tower |
| 17:58 | Build | Market |
| 18:15 | Research | Fletching |
| 18:19 | Build | Watch Tower |
| 18:28 | Build | Watch Tower |
| 18:39 | Queue | Villager (Male) |
| 18:49 | Queue | Villager (Male) |
| 18:55 | Build | Palisade Wall |
| 18:56 | Build | Palisade Wall |
| 18:58 | Build | Palisade Wall |
| 19:11 | Queue | Villager (Male) |
| 19:17 | Queue | Villager (Male) |
| 19:18 | Queue | Villager (Male) |
| 19:24 | Queue | Villager (Male) |
| 19:33 | Build | Palisade Wall |
| 19:52 | Build | Farm |
| 19:58 | Build | Farm |
| 20:01 | Build | Watch Tower |
| 20:11 | Build | Barracks |
| 20:17 | Build | Watch Tower |
| 20:26 | Build | Watch Tower |
| 20:41 | Queue | Villager (Male) |
| 21:04 | Queue | Villager (Male) |
| 21:19 | Build | Watch Tower |
| 21:36 | Build | Archery Range |
| 21:38 | Build | Archery Range |
| 21:52 | Build | Farm |
| 21:52 | Build | Farm |
| 21:53 | Queue | Villager (Male) |
| 22:19 | Queue | Archer ×5 |
| 22:19 | Queue | Archer ×3 |
| 22:19 | Queue | Archer ×3 |
| 22:24 | Build | House |
| 22:25 | Build | House |
| 23:00 | Build | Lumber Camp |
| 23:05 | Research | Town Watch |
| 23:07 | Queue | Villager (Male) |
| 23:12 | Build | Farm |
| 23:23 | Queue | Archer ×2 |
| 23:36 | Build | Watch Tower |
| 23:42 | Queue | Villager (Male) |
| 23:49 | Build | Blacksmith |
| 23:56 | Build | Outpost |
| 24:04 | Queue | Archer |
| 24:16 | Build | Watch Tower |
| 24:48 | Build | House |
| 25:19 | Build | Farm |
| 25:56 | Build | Mining Camp |
| 26:38 | Queue | Archer |
| 26:38 | Queue | Archer |
| 26:39 | Queue | Archer |
| 26:40 | Research | Padded Archer Armor |
| 26:40 | Research | Padded Archer Armor |
| 26:41 | Queue | Villager (Male) |
| 26:58 | Research | Castle Age |
| 27:05 | Queue | Archer |
| 27:05 | Queue | Archer |
| 27:05 | Queue | Archer |
| 27:06 | Queue | Villager (Male) |
| 27:21 | Research | Gold Mining |
| 27:24 | Queue | Archer |
Build order — NuMa | JuanMan
First 150 of 356 actions detected
| 0:01 | Queue | Villager (Male) |
| 0:01 | Queue | Villager (Male) |
| 0:01 | Queue | Villager (Male) |
| 0:02 | Build | House |
| 0:03 | Build | House |
| 0:09 | Queue | Villager (Male) |
| 0:09 | Queue | Villager (Male) |
| 1:30 | Queue | Villager (Male) |
| 1:31 | Queue | Villager (Male) |
| 1:55 | Queue | Villager (Male) |
| 2:15 | Queue | Villager (Male) |
| 2:15 | Queue | Villager (Male) |
| 2:38 | Build | Lumber Camp |
| 2:49 | Queue | Villager (Male) |
| 2:50 | Queue | Villager (Male) |
| 2:50 | Queue | Villager (Male) |
| 3:34 | Research | Loom |
| 3:51 | Queue | Villager (Male) |
| 3:51 | Queue | Villager (Male) |
| 3:51 | Queue | Villager (Male) |
| 3:51 | Queue | Villager (Male) |
| 4:00 | Build | House |
| 4:02 | Build | House |
| 4:04 | Queue | Villager (Male) |
| 4:04 | Queue | Villager (Male) |
| 4:27 | Build | Mill |
| 4:33 | Build | House |
| 4:38 | Queue | Villager (Male) |
| 4:38 | Queue | Villager (Male) |
| 4:47 | Queue | Villager (Male) |
| 5:12 | Build | Palisade Wall |
| 5:12 | Build | Palisade Wall |
| 5:13 | Build | Palisade Wall |
| 5:48 | Queue | Villager (Male) |
| 6:02 | Build | Barracks |
| 6:26 | Research | Loom |
| 6:52 | Build | Mining Camp |
| 7:12 | Research | Feudal Age |
| 7:12 | Research | Feudal Age |
| 7:23 | Queue | Militia |
| 7:23 | Queue | Militia |
| 7:36 | Queue | Militia |
| 7:37 | Queue | Militia |
| 7:53 | Queue | Militia |
| 8:13 | Build | Mill |
| 8:19 | Queue | Militia |
| 8:50 | Queue | Militia |
| 9:19 | Queue | Villager (Male) |
| 9:21 | Age | Feudal Age |
| 9:24 | Research | Man-at-Arms (upgrade) |
| 9:24 | Research | Man-at-Arms (upgrade) |
| 9:31 | Queue | Villager (Male) |
| 9:37 | Build | House |
| 10:02 | Research | Arson |
| 10:10 | Queue | Villager (Male) |
| 10:10 | Queue | Villager (Male) |
| 11:07 | Queue | Villager (Male) |
| 11:07 | Queue | Villager (Male) |
| 11:09 | Build | Farm |
| 11:10 | Build | Farm |
| 11:19 | Queue | Villager (Male) |
| 11:34 | Build | Farm |
| 11:36 | Build | Farm |
| 11:52 | Queue | Militia |
| 11:52 | Queue | Militia |
| 11:55 | Build | Watch Tower |
| 12:22 | Queue | Villager (Male) |
| 12:22 | Queue | Villager (Male) |
| 12:50 | Build | Farm |
| 12:53 | Build | Farm |
| 12:54 | Queue | Villager (Male) |
| 13:16 | Build | Archery Range |
| 13:20 | Queue | Villager (Male) |
| 13:28 | Build | House |
| 13:34 | Queue | Villager (Male) |
| 13:35 | Queue | Villager (Male) |
| 13:55 | Build | Lumber Camp |
| 13:58 | Queue | Archer |
| 13:59 | Queue | Archer |
| 14:03 | Build | House |
| 14:03 | Queue | Villager (Male) |
| 14:10 | Build | House |
| 14:18 | Queue | Archer |
| 14:27 | Build | Mining Camp |
| 14:29 | Queue | Villager (Male) |
| 14:47 | Research | Double-Bit Axe |
| 14:47 | Research | Double-Bit Axe |
| 15:09 | Build | Farm |
| 15:10 | Queue | Villager (Male) |
| 15:10 | Queue | Villager (Male) |
| 15:15 | Queue | Archer |
| 15:28 | Build | Farm |
| 15:31 | Queue | Villager (Male) |
| 15:32 | Queue | Villager (Male) |
| 15:52 | Queue | Villager (Male) |
| 15:53 | Queue | Villager (Male) |
| 15:53 | Queue | Villager (Male) |
| 16:00 | Queue | Archer |
| 16:18 | Queue | Villager (Male) |
| 16:19 | Queue | Villager (Male) |
| 16:22 | Build | Farm |
| 16:26 | Build | Farm |
| 16:27 | Build | Farm |
| 16:28 | Research | Horse Collar |
| 16:31 | Build | Farm |
| 16:41 | Build | House |
| 16:42 | Build | House |
| 16:43 | Build | House |
| 16:49 | Queue | Villager (Male) |
| 16:53 | Build | Blacksmith |
| 17:05 | Queue | Militia |
| 17:06 | Queue | Archer |
| 17:16 | Queue | Villager (Male) |
| 17:22 | Build | Farm |
| 17:36 | Queue | Villager (Male) |
| 17:48 | Research | Fletching |
| 18:11 | Queue | Villager (Male) |
| 18:17 | Queue | Villager (Male) |
| 18:17 | Queue | Villager (Male) |
| 18:21 | Queue | Archer |
| 18:29 | Queue | Villager (Male) |
| 18:38 | Build | Watch Tower |
| 18:53 | Queue | Archer |
| 18:53 | Queue | Archer |
| 18:53 | Queue | Archer |
| 19:29 | Queue | Villager (Male) |
| 19:31 | Build | Farm |
| 19:32 | Build | Farm |
| 19:33 | Build | Farm |
| 19:34 | Build | Farm |
| 19:36 | Queue | Villager (Male) |
| 19:39 | Build | Market |
| 19:54 | Queue | Militia |
| 19:54 | Queue | Militia |
| 19:54 | Queue | Militia |
| 20:30 | Build | Watch Tower |
| 20:36 | Queue | Villager (Male) |
| 21:10 | Research | Castle Age |
| 23:50 | Age | Castle Age |
| 24:11 | Build | Castle |
| 24:55 | Queue | Villager (Male) |
| 24:56 | Queue | Villager (Male) |
| 24:56 | Queue | Villager (Male) |
| 24:56 | Queue | Villager (Male) |
| 25:17 | Queue | Samurai |
| 25:32 | Research | Bodkin Arrow |
| 25:33 | Queue | Villager (Male) |
| 25:42 | Build | Lumber Camp |
| 26:47 | Research | Imperial Age |
| 26:50 | Build | Farm |
Match timeline
| 0:51 | th3g3ntl3man · wall_segment Palisade Wall x6 |
| 2:32 | th3g3ntl3man · wall_segment Palisade Wall x1 |
| 5:12 | NuMa | JuanMan · wall_segment Palisade Wall x1 |
| 5:12 | NuMa | JuanMan · wall_segment Palisade Wall x1 |
| 5:13 | NuMa | JuanMan · wall_segment Palisade Wall x1 |
| 6:02 | NuMa | JuanMan · first_building Barracks |
| 6:51 | th3g3ntl3man · wall_segment Palisade Wall x8 |
| 7:14 | th3g3ntl3man · wall_segment Palisade Wall x7 |
| 7:16 | th3g3ntl3man · wall_segment Palisade Wall x3 |
| 7:56 | th3g3ntl3man · wall_segment Palisade Wall x1 |
| 9:06 | th3g3ntl3man · age_up feudal |
| 9:21 | NuMa | JuanMan · age_up feudal |
| 11:43 | th3g3ntl3man · wall_segment Palisade Wall x3 |
| 13:09 | th3g3ntl3man · wall_segment Palisade Wall x5 |
| 13:16 | NuMa | JuanMan · first_building Archery Range |
| 13:32 | th3g3ntl3man · wall_segment Palisade Wall x1 |
| 13:33 | th3g3ntl3man · wall_segment Palisade Wall x1 |
| 13:34 | th3g3ntl3man · wall_segment Palisade Wall x1 |
| 13:47 | th3g3ntl3man · wall_segment Palisade Wall x4 |
| 13:57 | th3g3ntl3man · wall_segment Palisade Wall x1 |
| 14:02 | th3g3ntl3man · wall_segment Palisade Wall x1 |
| 16:13 | th3g3ntl3man · wall_segment Palisade Wall x1 |
| 16:59 | th3g3ntl3man · wall_segment Palisade Wall x2 |
| 18:38 | th3g3ntl3man · first_market_buy 100 food |
| 18:55 | th3g3ntl3man · wall_segment Palisade Wall x1 |
| 18:56 | th3g3ntl3man · wall_segment Palisade Wall x1 |
| 18:58 | th3g3ntl3man · wall_segment Palisade Wall x1 |
| 19:33 | th3g3ntl3man · wall_segment Palisade Wall x1 |
| 20:11 | th3g3ntl3man · first_building Barracks |
| 20:37 | NuMa | JuanMan · first_market_buy 100 food |
| 20:40 | NuMa | JuanMan · first_market_sell 100 wood |
| 21:36 | th3g3ntl3man · first_building Archery Range |
| 23:50 | NuMa | JuanMan · age_up castle |
| 24:11 | NuMa | JuanMan · first_building Castle |
| 26:03 | th3g3ntl3man · first_market_sell 500 wood |
| 28:34 | th3g3ntl3man · age_up castle |
| 29:23 | th3g3ntl3man · first_building Monastery |
| 30:10 | NuMa | JuanMan · age_up imperial |
| 39:59 | th3g3ntl3man · age_up imperial |
| 45:08 | th3g3ntl3man · first_building Siege Workshop |
| 45:17 | th3g3ntl3man · first_building Castle |
| 45:31 | th3g3ntl3man · resign |
[ AI ANALYSIS · 1 CREDIT ]
What really happened in this match?
Wolo.gg analyzes every decision: build order, eco, micro, common mistakes by bracket. Personalized analysis on WhatsApp or Discord in 30 seconds.
Civ guide
Malay
Perfil
Jugador #1434678